 Dungeon Crawl Stone Soup version 0.17.1-2-g5865329 (webtiles) character file.

38 Mysteryquy the Slasher (level 3, 0/34 HPs)
             Began as a Naga Chaos Knight on Jan 28, 2016.
             Slain by a hobgoblin (1 damage)
             ... led by Robin
             ... on level 2 of the Dungeon.
             The game lasted 00:01:12 (745 turns).

Mysteryquy the Slasher (Naga Chaos Knight)           Turns: 745, Time: 00:01:13

Health: 0/34       AC:  4    Str: 15    XL:     3   Next: 43%
Magic:  3/3        EV:  9    Int: 12    God:    Xom [..*...]
Gold:   113        SH:  0    Dex: 10    Spells: 0 memorised, 2 levels left

rFire  . . .     SeeInvis +     a - +0 falchion (chaos)
rCold  . . .     Clarity  .     b - +2 leather armour
rNeg   . . .     SustAt   .     (no shield)
rPois  +         Gourm    .     (no helmet)
rElec  .         Spirit   .     (no cloak)
rCorr  .         Warding  .     (no gloves)
rMut   .         Stasis   .     (no barding)
MR     .....                    (no amulet)
Stlth  +.........               (no ring)
                                (no ring)

@: very slow, not resistant to hostile enchantments, very unstealthy
A: see invisible, deformed body, poison resistance, slowness 2, slow metabolism
1, spit poison 2, AC +1
a: Spit Poison, Renounce Religion


You were on level 2 of the Dungeon.
You worshipped Xom.
You were a toy of Xom.
You were not hungry.

You visited 1 branch of the dungeon, and saw 2 of its levels.

You collected 113 gold pieces.

Inventory:

Hand Weapons
 a - a +0 falchion of chaos (weapon)
Armour
 b - a +2 leather armour (worn)
Jewellery
 q - a cursed ring of poison resistance {unknown}
Scrolls
 e - 2 scrolls of identify {unknown}
 i - a scroll of recharging {unknown}
 k - 3 scrolls of enchant weapon {unknown}
 l - a scroll of immolation {unknown}
 n - 2 scrolls of remove curse {unknown}
Potions
 f - a potion of resistance {unknown}
 h - 2 potions of curing {unknown}
 j - a potion of might {unknown}
 m - a potion of beneficial mutation {unknown}
 o - a potion of cancellation {unknown}
 p - 2 potions of agility {unknown}
Comestibles
 c - a bread ration
 d - 3 meat rations
 g - 3 beef jerkies
 r - a slice of pizza


   Skills:
 - Level 3.0 Fighting
 + Level 4.4 Long Blades
 - Level 1.5 Armour
 - Level 0.7 Dodging


You had 2 spell levels left.
You didn't know any spells.

Dungeon Overview and Level Annotations

Branches:
Dungeon (2/15)

Altars:


Innate Abilities, Weirdness & Mutations

You cannot wear boots.
Your serpentine skin is tough (AC +1).
You have supernaturally acute eyesight.
Armour fits poorly on your strangely shaped body.
Your system is resistant to poisons.
You cover ground very slowly.
You have a slow metabolism.
You can spit poison.


Message History

Unknown command.
You closely miss the hobgoblin.
The hobgoblin is moderately wounded.
The goblin hits you with an uncursed club.
* * * LOW HITPOINT WARNING * * *
The hobgoblin hits you.
* * * LOW HITPOINT WARNING * * *
The goblin hits you but does no damage.
You completely miss the hobgoblin.
The hobgoblin is moderately wounded.
The goblin barely misses you. The hobgoblin hits you.
* * * LOW HITPOINT WARNING * * *
You hit the hobgoblin. You freeze the hobgoblin.
The hobgoblin is almost dead.
The goblin hits you with a club.
* * * LOW HITPOINT WARNING * * *
The goblin hits you with an uncursed club.
* * * LOW HITPOINT WARNING * * *
The hobgoblin hits you.
You die...

...........#....†.....# #.##.#
..........####..†##..###..##.#
#..####......#...######... #.#
... ........#...........# #.#
## .....##.........#.##. #<#
.###...##.....#...# #.#
##...#....#.### #.#
##..##g##g.# #.#
##.##@ggg.###.###.#
..#.gg###.......##.#
#....g.g$.#......#.#
#####..gg###....##.#
........## #...# ...g....[
##.. #######..# .. ##.. ###


You could see 2 hobgoblins and 6 goblins.

Vanquished Creatures
  Robin (D:2)
  A giant gecko (D:1)
  A ball python (D:1)
  A giant cockroach (D:2)
  A goblin (D:2)
  2 hobgoblins (D:1)
  6 kobolds
  5 bats (D:1)
  A giant newt (D:1)
  9 rats
28 creatures vanquished.

Notes
Turn   | Place    | Note
--------------------------------------------------------------
     0 | D:1      | Mysteryquy the Naga Chaos Knight began the quest for the Orb.
     0 | D:1      | Reached XP level 1. HP: 21/21 MP: 1/1
   147 | D:1      | Reached XP level 2. HP: 24/28 MP: 2/2
   431 | D:1      | XOM: divination: detect creatures
   478 | D:1      | Reached skill level 4 in Long Blades
   563 | D:2      | XOM: harmless Necr miscast
   581 | D:2      | Reached XP level 3. HP: 20/34 MP: 3/3
   727 | D:2      | Noticed Robin
   736 | D:2      | Killed Robin
   745 | D:2      | HP: 1/34 [goblin/uncursed club[Robin] (2)]
   745 | D:2      | Slain by a hobgoblin

Action                   || total
-------------------------++-------
Melee: Falchion          ||    94
